 Dungeon Crawl Stone Soup version 0.21-a0-215-g0631661 (webtiles) character file.

36000 roguesci the Fighter (level 13, -6/139 HPs)
             Began as a Green Draconian Transmuter on Aug 22, 2017.
             Was a Follower of Uskayaw.
             Mangled by a catoblepas (27 damage)
             ... on level 6 of the Lair of Beasts.
             The game lasted 01:36:42 (23061 turns).

roguesci the Fighter (Green Draconian Transmuter)  Turns: 23061, Time: 01:36:42

Health: -6/139     AC: 16    Str: 19    XL:     13   Next: 50%
Magic:  7/25       EV: 17    Int: 17    God:    Uskayaw [*.....]
Gold:   1063       SH:  0    Dex: 11    Spells: 23/29 levels left

rFire    + . .     SeeInvis .   w - +5 rapier "Popad" {pain, Str+4}
rCold    . . .     Gourm    .   (no shield)
rNeg     . . .     Faith    .   (armour unavailable)
rPois    +         Spirit   .   (helmet restricted)
rElec    .         Reflect  .   V - +0 cloak (curse)
rCorr    .         Harm     .   p - +2 pair of gloves
MR       .....                  C - +2 pair of boots
Stlth    +++.......             g - amulet of regeneration
HPRegen  0.73/turn              r - +1 ring of slaying
MPRegen  0.19/turn              D - ring of wizardry

@: no status effects
A: breathe noxious fumes, unfitting armour, big wings, stinger 1, fire
resistance 1, poison resistance, robust 2, shaggy fur 1, cold-blooded, AC +8
a: Breathe Noxious Fumes, Fly, Stomp, Renounce Religion


You were on level 6 of the Lair of Beasts.
You worshipped Uskayaw.
Uskayaw was noncommittal.
You were not hungry.

You visited 3 branches of the dungeon, and saw 18 of its levels.

You collected 1135 gold pieces.
You spent 72 gold pieces at shops.

Inventory:

Hand Weapons
 n - a +3 short sword of speed
 u - the +7 halberd "Grim Tooth" {freeze, rC+ Int+7 Dex-2 SInv}
   (You found it on level 5 of the Lair of Beasts)

   It has been specially enchanted to freeze those struck by it, causing extra
   injury to most foes and up to half again as much damage against particularly
   susceptible opponents.
   It can also slow down cold-blooded creatures.
   It affects your intelligence (+7).
   It affects your dexterity (-2).
   It protects you from cold.
   It lets you see invisible.
 w - the +5 rapier "Popad" (weapon) {pain, Str+4}
   (You found it on level 10 of the Dungeon)

   In the hands of one skilled in necromantic magic, it inflicts extra damage on
   living creatures.
   It affects your strength (+4).
Missiles
 f - 476 stones (quivered)
Armour
 o - a +1 shield
 p - a +2 pair of gloves (worn)
 A - the -2 pair of gloves of the Suburbs {MR+}
   (You found it on level 6 of the Lair of Beasts)

   It affects your resistance to hostile enchantments.
 C - a +2 pair of boots (worn)
 V - a cursed +0 cloak (worn)
Jewellery
 a - a +4 ring of intelligence
 g - an amulet of regeneration (around neck)
 k - the ring of Xusko {Fire rElec MR+}
   (You found it on level 3 of the Lair of Beasts)

   [ring of fire]

   It enhances your fire magic.
   It protects you from fire.
   It makes you vulnerable to cold.
   It insulates you from electricity.
   It affects your resistance to hostile enchantments.
 r - a +1 ring of slaying (left hand)
 D - a ring of wizardry (right hand)
 J - an uncursed ring of protection from fire
 N - an uncursed ring of protection from cold
 S - an uncursed amulet of rage {unknown}
Wands
 m - a wand of paralysis (14/24)
 y - a wand of lightning (7/15)
Scrolls
 b - a scroll of noise
 d - 2 scrolls of immolation
 e - 6 scrolls of remove curse
 h - 11 scrolls of teleportation
 j - 3 scrolls of magic mapping
 v - a scroll of fear
 x - 2 scrolls of recharging
 B - a scroll of amnesia
 E - 2 scrolls of enchant armour
 F - 2 scrolls of enchant weapon {unknown}
Potions
 q - a potion of ambrosia
 s - a potion of magic
 z - a potion of resistance
 M - a potion of invisibility
Comestibles
 c - 6 bread rations
 i - 4 chunks of flesh
 l - 8 fruits
 G - 15 meat rations


   Skills:
 * Level 11.1 Fighting
 * Level 8.0 Short Blades
 * Level 10.3 Dodging
 + Level 7.4 Stealth
 - Level 5.4 Unarmed Combat
 + Level 8.5 Spellcasting
 + Level 8.0 Transmutations
 - Level 4.0 Poison Magic
 + Level 7.1 Invocations


You had 23 spell levels left.
You knew the following spells:

 Your Spells              Type           Power        Failure   Level  Hunger
b - Spider Form           Tmut/Pois      ####......   1%          3    #......
c - Mephitic Cloud        Conj/Pois/Air  ##......     7%          3    #......


Dungeon Overview and Level Annotations

Branches:
Dungeon (11/15)            Temple (1/1) D:5            Lair (6/6) D:9
 Shoals (0/4) Lair:2        Snake (0/4) Lair:2
  Slime: Lair:5-6       Orc: D:9-12

Altars:
Ashenzari
Cheibriados
Dithmenos
Elyvilon
Fedhas
Gozag
Hepliaklqana
Kikubaaqudgha
Makhleb
Nemelex Xobeh
Okawaru
Qazlal
Ru
Sif Muna
Trog
Uskayaw
Vehumet
Wu Jian
Xom
Yredelemnul
Zin
The Shining One

Shops:
D:6 =


Innate Abilities, Weirdness & Mutations

You can breathe blasts of noxious fumes.
Your lurid green scales are hard. (AC +8)
You cannot fit into any form of body armour.
Your system is resistant to poisons. (rPois)
You are cold-blooded and may be slowed by cold attacks.
Your large and strong wings let you fly indefinitely.
Your tail ends in a poisonous barb.
Your flesh is heat resistant. (rF+)
You are very robust. (+20% HP)
You are covered in fur. (AC +1)


Message History

You can no longer pass through a line of other dancers.
The catoblepas gores you!!
* * * LOW HITPOINT WARNING * * *
You stomp with the beat, sending a shockwave through the revelers around you!
The catoblepas is severely wounded.
You feel somewhat more hungry.
You can no longer stomp with the beat.
The yak is no longer petrified.
The catoblepas breathes a plume of calcifying dust at you.
The blast of calcifying dust hits you!
The blink frog blinks!
You can now stomp with the beat.
You have got your breath back.
You hit the catoblepas but do no damage.
You punch the catoblepas!
The catoblepas is almost dead.
The blink frog blinks!
The catoblepas gores you!!
* * * LOW HITPOINT WARNING * * *
Okay, then.
You feel better. The blink frog misses you. The catoblepas gores you!!
You die...

#......P## #......## ######
...P...#### ###### ##....#
P..†..#...##########P#..###.....#
....P#.....#.#.#.##P#....###...##
##.P#..Y.§÷Y.Y...#.#P...###...##
#.#####...#....Y...#P....†..###
## ####.#...#YF..#....##..#
#########@§##.#..##..##
####[##.#.##..#####....#.#
##.#....#÷#....# #......##
#÷.÷.(........## ###.....#
#............## ##..÷...#
##..#.#...#.### #....÷.##
#..#####.#### ##.....##
##÷######## #### ##.#÷#.#
#...#.#..######(.# ##÷#.##


You could see a catoblepas, a yak and a blink frog.

Vanquished Creatures
  The ghost of prestonbroadus the Spear-Bearer, a journeyman DgWn (Lair:6)
  5 hydras
  A catoblepas (Lair:2)
  Erica (D:8)
  2 two-headed ogres
  The ghost of p0werm0de the Fighter, a novice DsAE of Xom (D:8)
  An ugly thing (D:10)
  3 black mambas
  A centaur zombie (D:11)
  Joseph (D:8)
  A gargoyle (D:10)
  4 spiny frogs
  The ghost of stickyfingers the Basher, a novice GnAK of Lugonu (D:5)
  3 rime drakes
  6 komodo dragons
  9 polar bears (Lair:6)
  4 trolls
  A hornet (D:9)
  4 raiju (Lair:6)
  Grinder (D:4)
  4 hippogriffs
  14 blink frogs
  A snapping turtle (Lair:2)
  Sigmund (D:3)
  A shadow (D:11)
  2 wyverns
  A wraith (D:10)
  12 yaks
  3 basilisks
  A hungry ghost (D:11)
  6 wargs (Lair:6)
  An acid dragon (D:10)
  3 nagas (Lair:2)
  11 hell hounds (Lair:6)
  6 water moccasins
  10 porcupines
  3 ice beasts
  4 orc warriors
  2 sky beasts
  4 phantoms
  5 ogres
  15 black bears
  17 wolves
  2 centaurs
  11 crocodiles
  15 bullfrogs
  2 scorpions
  2 wights (D:7)
  2 electric eels (D:6)
  3 howler monkeys
  4 crimson imps
  2 bullfrog zombies
  The ghost of pedritolo the Scratcher, a weakling FeCK of Xom (D:4)
  3 jellies
  An iron imp (D:6)
  7 orc priests
  A gnoll shaman (D:7)
  6 hounds
  5 orc wizards
  3 centaur skeletons
  3 iguanas
  14 worker ants
  A killer bee zombie (D:7)
  2 hound zombies
  A hound skeleton (D:9)
  2 worker ant zombies
  10 gnolls
  A howler monkey skeleton (D:6)
  12 adders
  5 shadow imps
  12 white imps (Lair:3)
  4 oozes
  An adder zombie (D:8)
  An adder skeleton (D:9)
  16 worms
  8 dart slugs
  9 leopard geckos
  33 orcs
  A ball python (D:3)
  9 bats
  5 giant cockroaches
  8 goblins
  8 hobgoblins
  16 jackals
  14 kobolds
  9 quokkas
  4 frilled lizards
  A giant cockroach zombie (D:5)
  A jackal skeleton (D:4)
  2 leopard gecko skeletons
  A quokka skeleton (D:4)
  A quokka zombie (D:8)
  13 rats
  A butterfly (Lair:5)
  A fungus (Lair:3)
478 creatures vanquished.

Vanquished Creatures (others)
  An ice beast (D:5)
  A centaur (D:5)
  2 hounds (D:5)
  12 fungi
  11 plants
27 creatures vanquished.

Grand Total: 505 creatures vanquished

Notes
Turn   | Place    | Note
-------+----------+-------------------------------------------
     0 | D:1      | roguesci the Draconian Transmuter began the quest for the Orb.
     0 | D:1      | Reached XP level 1. HP: 16/16 MP: 3/3
   277 | D:1      | Reached XP level 2. HP: 22/23 MP: 5/5
   315 | D:1      | Reached skill level 1 in Stealth
   712 | D:1      | Reached XP level 3. HP: 27/28 MP: 6/6
   719 | D:1      | Learned a level 3 spell: Spider Form
  1832 | D:2      | Reached skill level 1 in Poison Magic
  1832 | D:2      | Reached XP level 4. HP: 36/36 MP: 1/7
  2039 | D:2      | Reached skill level 2 in Fighting
  2291 | D:2      | Found a sacrificial altar of Ru.
  2619 | D:2      | Found a faded altar of an unknown god.
  2963 | D:3      | Reached XP level 5. HP: 29/42 MP: 5/8
  3291 | D:3      | Noticed a phantom
  3379 | D:3      | Killed a phantom
  3582 | D:3      | Noticed Sigmund
  3609 | D:3      | Killed Sigmund
  3609 | D:3      | Reached skill level 3 in Fighting
  3609 | D:3      | Reached XP level 6. HP: 4/51 MP: 10/10
  4023 | D:3      | Found a hazy altar of Hepliaklqana.
  4192 | D:4      | Noticed pedritolo's ghost (weakling FeCK)
  4268 | D:4      | Killed pedritolo's ghost
  4329 | D:4      | Your scales start taking on a lurid green colour.
  4329 | D:4      | Reached XP level 7. HP: 57/57 MP: 8/12
  4329 | D:4      | Gained mutation: Your system is resistant to poisons. (rPois) [Green Draconian growth]
  4539 | D:4      | Found an ornate altar of the Wu Jian Council.
  4814 | D:4      | Noticed Grinder
  4828 | D:4      | Killed Grinder
  4837 | D:4      | Found an opulent altar of Gozag.
  4837 | D:4      | Found a glowing silver altar of Zin.
  5300 | D:4      | Noticed a moth of wrath
  5319 | D:4      | Reached XP level 8. HP: 66/66 MP: 13/13
  5458 | D:4      | Found a bloodstained altar of Trog.
  5600 | D:3      | Found an ornate altar of the Wu Jian Council.
  5721 | D:5      | Entered Level 5 of the Dungeon
  5820 | D:5      | Reached skill level 4 in Fighting
  5858 | D:5      | Noticed stickyfingers's ghost (novice GnAK)
  6135 | D:5      | Found a staircase to the Ecumenical Temple.
  6161 | Temple   | Entered the Ecumenical Temple
  6351 | Temple   | Became a worshipper of Uskayaw the Reveler
  6382 | D:5      | Found a shattered altar of Ashenzari.
  6415 | D:5      | Reached * piety under Uskayaw
  6418 | D:5      | Reached ** piety under Uskayaw
  6426 | D:5      | Reached *** piety under Uskayaw
  6459 | D:5      | Found a shimmering altar of Xom.
  6468 | D:5      | Found a shimmering altar of Xom.
  6485 | D:5      | Found a shimmering altar of Xom.
  6485 | D:5      | Found a shimmering altar of Xom.
  6490 | D:5      | Found a shimmering altar of Xom.
  6498 | D:5      | Found a shimmering altar of Xom.
  6498 | D:5      | Found a shimmering altar of Xom.
  6775 | D:5      | Killed stickyfingers's ghost
  6775 | D:5      | Reached skill level 5 in Dodging
  6775 | D:5      | Reached skill level 1 in Invocations
  7238 | D:6      | Found Wowimoull's Jewellery Shoppe.
  7246 | D:6      | Bought a +1 ring of slaying for 72 gold pieces
  7302 | D:6      | Found a sparkling altar of Nemelex Xobeh.
  7325 | D:6      | Found a shattered altar of Ashenzari.
  7808 | D:6      | Reached XP level 9. HP: 70/73 MP: 16/16
  7948 | D:6      | Reached skill level 5 in Fighting
  8194 | D:6      | Found a snail-covered altar of Cheibriados.
  8551 | D:7      | Reached skill level 5 in Spellcasting
  8778 | D:7      | Reached skill level 5 in Transmutations
  9455 | D:7      | Reached skill level 6 in Fighting
  9672 | D:8      | Noticed a two-headed ogre
  9682 | D:8      | Killed a two-headed ogre
  9687 | D:8      | Reached **** piety under Uskayaw
  9745 | D:8      | Noticed Erica
  9780 | D:8      | Killed Erica
  9780 | D:8      | Reached skill level 5 in Unarmed Combat
  9780 | D:8      | Reached XP level 10. HP: 52/84 MP: 16/18
  9871 | D:8      | Found a white marble altar of Elyvilon.
  9926 | D:8      | Found a deep blue altar of Sif Muna.
 10155 | D:8      | Noticed Joseph
 10173 | D:8      | Killed Joseph
 10173 | D:8      | Reached skill level 7 in Fighting
 10173 | D:8      | Reached skill level 5 in Stealth
 10271 | D:8      | Found a shadowy altar of Dithmenos.
 10283 | D:8      | Noticed p0werm0de's ghost (novice DsAE)
 10549 | D:8      | Killed p0werm0de's ghost
 11086 | D:9      | Reached skill level 1 in Short Blades
 11132 | D:9      | Found a blossoming altar of Fedhas.
 11365 | D:9      | Reached ***** piety under Uskayaw
 11664 | D:9      | Found a staircase to the Lair.
 11824 | D:10     | Entered Level 10 of the Dungeon
 11916 | D:10     | Got a brightly glowing rapier
 11917 | D:10     | Identified the +5 rapier "Popad" {pain, Str+4} (You found it on level 10 of the Dungeon)
 12023 | D:10     | Noticed a gargoyle
 12037 | D:10     | Killed a gargoyle
 12037 | D:10     | Reached XP level 11. HP: 67/94 MP: 18/21
 12650 | D:10     | Reached skill level 8 in Fighting
 13030 | D:10     | Gained mutation: You are robust. (+10% HP) [potion of mutation]
 13030 | D:10     | Gained mutation: Your large and strong wings let you fly indefinitely. [potion of mutation]
 13030 | D:10     | Gained mutation: You are very robust. (+20% HP) [potion of mutation]
 13288 | D:10     | Learned a level 3 spell: Mephitic Cloud
 13610 | D:11     | Noticed a green ugly thing
 13696 | D:10     | Killed a green ugly thing
 13707 | D:10     | Gained mutation: Your flesh is heat resistant. (rF+) [mutagenic meat]
 13709 | D:10     | Gained mutation: You are covered in fur. (AC +1) [mutagenic meat]
 13710 | D:10     | Gained mutation: Your tail ends in a poisonous barb. [mutagenic meat]
 14153 | D:10     | Reached skill level 5 in Invocations
 14306 | D:11     | Noticed a two-headed ogre
 14420 | D:11     | Killed a two-headed ogre
 14989 | Lair:1   | Entered Level 1 of the Lair of Beasts
 14996 | Lair:1   | Found a deep blue altar of Sif Muna.
 15793 | Lair:2   | Noticed a six-headed hydra
 15812 | Lair:2   | Reached skill level 9 in Fighting
 15879 | Lair:2   | Found a staircase to the Snake Pit.
 16114 | Lair:2   | Noticed a five-headed hydra
 16131 | Lair:2   | Killed a five-headed hydra
 16131 | Lair:2   | Reached skill level 5 in Short Blades
 16283 | Lair:2   | Reached XP level 12. HP: 110/124 MP: 23/23
 16430 | Lair:2   | Noticed a catoblepas
 16495 | Lair:2   | Killed a catoblepas
 17814 | Lair:2   | Found a staircase to the Shoals.
 18230 | Lair:3   | Got a crude bone ring
 18232 | Lair:3   | Identified the ring of Xusko {Fire rElec MR+} (You found it on level 3 of the Lair of Beasts)
 18319 | Lair:3   | Found a frozen archway.
 20265 | Lair:5   | Reached skill level 10 in Fighting
 20397 | Lair:5   | Noticed a six-headed hydra
 20429 | Lair:5   | Killed a six-headed hydra
 20501 | Lair:5   | Got a shimmering halberd
 20696 | Lair:5   | Identified the +7 halberd "Grim Tooth" {freeze, rC+ Int+7 Dex-2 SInv} (You found it on level 5 of the Lair of Beasts)
 21083 | Lair:5   | Noticed a seven-headed hydra
 21380 | Lair:6   | Entered Level 6 of the Lair of Beasts
 21380 | Lair:6   | Noticed a seven-headed hydra
 21564 | Lair:5   | Killed a seven-headed hydra
 21946 | Lair:6   | Reached XP level 13. HP: 136/136 MP: 21/25
 22022 | Lair:6   | Noticed prestonbroadus's ghost (journeyman DgWn)
 22036 | Lair:6   | Killed prestonbroadus's ghost
 22045 | Lair:6   | Reached skill level 10 in Dodging
 22458 | Lair:6   | Reached ****** piety under Uskayaw
 22542 | Lair:6   | Reached skill level 11 in Fighting
 22756 | Lair:6   | Got a pair of fine gloves
 22767 | Lair:6   | Identified the -2 pair of gloves of the Suburbs {MR+} (You found it on level 6 of the Lair of Beasts)
 23061 | Lair:6   | Mangled by a catoblepas

Vault maps used:
D:1:      eino_arrival_cavern_d, feat_on_display
D:2:      kb_forest_paths, chequers_ecumenical_altar_simple_redux, first_bread,
          nicolae_ru_the_path_less_chosen
D:3:      marbit_many_paths, nicolae_overflow_hidden_temple, uniq_sigmund
D:4:      grunt_temple_overflow_gold_and_silver, tgw_trog, minmay_ruined_shrine,
          uniq_grinder
D:5:      nicolae_xom_altar_mimics, temple_green, basic_altar,
          lemuel_flamethrower_2
D:6:      kennysheep_slugbush, nemelex_altar_shiori, slow_altar_2,
          lemuel_round_altar, serial_shops, shop
D:7:      grunt_ogre_cave, minmay_door_square, kennysheep_generic_room_6
D:8:      nicolae_dithmenos_shadow_blocks, led_sif_pool, basic_altar,
          uniq_joseph, uniq_erica
D:9:      fedhas_altar_2, grunt_lair_entry_orc_guard_hut
D:10:     serial_bayou_pond_e
Temple:   compressed_dpeg_triangle_lava_temple
Lair:1:   basic_altar, lemuel_fruit_fields, lemuel_fruit_tree
Lair:2:   minmay_shoals_entry_hut, guppyfry_snake_entry_island
Lair:3:   portal_ice_cave_entry_imps
Lair:5:   infiniplex_staircase_pool_2, lemuel_fruit_fields
Lair:6:   hangedman_lair_caniforms_friends, hangedman_lair_in_review,
          slime_altar_1, special_room

Skill      XL: |  1  2  3  4  5  6  7  8  9 10 11 12 13 |
---------------+----------------------------------------+-----
Dodging        | 2 3 4 5 6 7 8 9 10 | 10.3
Stealth        | 1 2 3 4 5 6 7 |  7.4
Poison Magic   | 1 3 4 |  4.0
Fighting       | 2 3 4 6 7 9 10 11 | 11.1
Spellcasting   | 3 4 5 6 7 8 |  8.5
Transmutations | 3 4 5 6 7 8 |  8.0
Invocations    | 1 3 4 5 6 7 |  7.1
Unarmed Combat | 4 5 |  5.4
Short Blades   | 2 5 7 8 |  8.0

Action                   |  1- 3 |  4- 6 |  7- 9 | 10-12 | 13-15 || total
-------------------------+-------+-------+-------+-------+-------++-------
Melee: Unarmed           |   153 |   144 |   262 |   372 |       ||   931
       Kick              |     7 |     4 |       |       |       ||    11
       Tailslap          |    15 |    13 |    49 |    84 |    44 ||   205
       Short sword       |       |    91 |   307 |   120 |       ||   518
       Punch             |       |     1 |     5 |    19 |     9 ||    34
       Rapier            |       |       |       |   494 |   311 ||   805
Throw: Stone             |    14 |    15 |    41 |    24 |     3 ||    97
       Throwing net      |       |       |       |     2 |       ||     2
 Cast: Beastly Appendage |     8 |     2 |       |       |       ||    10
       Spider Form       |     3 |    15 |    27 |    41 |       ||    86
       Mephitic Cloud    |       |       |       |    22 |    11 ||    33
Invok: Stomp             |       |       |     9 |    25 |     7 ||    41
       Line Pass         |       |       |     1 |     3 |     3 ||     7
       Grand Finale      |       |       |       |       |     3 ||     3
 Abil: Breathe Noxious F |       |       |     7 |    12 |     2 ||    21
       End Transformatio |       |       |       |     1 |       ||     1
  Use: Potion            |     1 |     2 |       |    23 |     4 ||    30
       Scroll            |       |     4 |     2 |    22 |       ||    28
 Stab: Sleeping          |     2 |     2 |     7 |    15 |       ||    26
       Distracted        |       |     1 |       |     2 |     1 ||     4
       Confused          |       |       |     4 |     8 |     7 ||    19
       Paralysed         |       |       |     3 |    28 |    13 ||    44
       Invisible         |       |       |       |     1 |       ||     1
       Held in net/web   |       |       |       |     1 |       ||     1
  Eat: Chunk             |     4 |     8 |    15 |    36 |     8 ||    71
       Fruit             |       |     3 |     3 |     6 |     1 ||    13
       Royal jelly       |       |     1 |     2 |     6 |       ||     9
Armor: Skin              |    50 |    32 |    84 |   202 |   131 ||   499
Dodge: Dodged            |   107 |   158 |   358 |   932 |   357 ||  1912

Table legend:
 A = Spawn XP
 B = Non-spawn XP
 C = Spawn XP percentage of total XP
 D = Spawn monster count
 E = Non-spawn monster count
 F = Spawn count percentage of total count
 G = Total turns spent on level
                    A         B        C        D         E        F      G
               +---------+---------+-------+---------+---------+-------+---------
         Total |    6404 |   45025 |  12.5 |      82 |     394 |  17.2 | 23061
               +---------+---------+-------+---------+---------+-------+---------
           D:1 |       3 |      46 |   6.1 |       2 |      27 |   6.9 |  1213
           D:2 |      13 |     118 |   9.9 |       6 |      31 |  16.2 |  1698
           D:3 |     145 |     308 |  32.0 |       5 |      29 |  14.7 |  1358
           D:4 |     123 |     762 |  13.9 |      14 |      24 |  36.8 |  1578
           D:5 |     554 |     349 |  61.4 |       4 |      17 |  19.0 |  1164
           D:6 |     216 |     568 |  27.6 |       3 |      24 |  11.1 |  1060
           D:7 |     102 |    1114 |   8.4 |       3 |      22 |  12.0 |  1479
           D:8 |     288 |    3659 |   7.3 |      12 |      20 |  37.5 |  1018
           D:9 |     568 |    1696 |  25.1 |       8 |      20 |  28.6 |  1084
          D:10 |     861 |    3876 |  18.2 |       6 |      24 |  20.0 |  2480
          D:11 |     821 |    2041 |  28.7 |       4 |      16 |  20.0 |   651
        Lair:1 |     252 |     453 |  35.7 |       2 |       2 |  50.0 |  1109
        Lair:2 |     208 |    6033 |   3.3 |       2 |      22 |   8.3 |  2063
        Lair:3 |     883 |    1864 |  32.1 |       5 |      22 |  18.5 |   946
        Lair:4 |     285 |    2431 |  10.5 |       2 |      12 |  14.3 |  1146
        Lair:5 |     187 |    5248 |   3.4 |       1 |      17 |   5.6 |  1517
        Lair:6 |     895 |   14459 |   5.8 |       3 |      65 |   4.4 |  1291
               +---------+---------+-------+---------+---------+-------+---------
